 Dungeon Crawl Stone Soup version 0.20-a0-792-g09bcfd3 (webtiles) character file.

241 sankara the Covered (level 6, 0/49 HPs)
             Began as a Barachian Fighter on Feb 28, 2017.
             Killed from afar by an orc wizard (7 damage)
             ... with a puff of flame
             ... on level 4 of the Dungeon.
             The game lasted 00:06:21 (2666 turns).

sankara the Covered (Barachian Fighter)             Turns: 2666, Time: 00:06:22

Health: 0/49       AC:  9    Str: 17    XL:     6   Next: 8%
Magic:  6/6        EV:  6    Int:  8    God:
Gold:   217        SH:  9    Dex: 14    Spells: 5/5 levels left

rFire    . . .     SeeInvis .   a - +0 long sword
rCold    + . .     Gourm    .   q - +0 chain mail
rNeg     . . .     Faith    .   c - +0 shield
rPois    .         Spirit   .   (no helmet)
rElec    .         Reflect  .   (no cloak)
rCorr    .         Harm     .   (no gloves)
MR       .....                  (no boots)
Stlth    ..........             (no amulet)
Regen    0.2/turn               (no ring)
MPRegen  0.1/turn               m - ring of protection from cold

@: slowed, very slow
A: +LOS, swims, slowness 1, strong legs 1
a: Hop


You were on level 4 of the Dungeon.
You were not hungry.

You visited 1 branch of the dungeon, and saw 4 of its levels.

You collected 217 gold pieces.

Inventory:

Hand Weapons
 a - a +0 long sword (weapon)
Armour
 c - a +0 shield (worn)
 q - a +0 chain mail (worn)
Jewellery
 m - a ring of protection from cold (left hand)
Scrolls
 b - a scroll of fear {unknown}
 h - a scroll of magic mapping {unknown}
 i - 2 scrolls of teleportation {unknown}
 j - 4 scrolls of identify {unknown}
 o - 3 scrolls of blinking {unknown}
 p - a scroll of enchant weapon {unknown}
 r - a scroll of remove curse {unknown}
Potions
 d - a potion of might
 e - a potion of lignification {unknown}
 k - a potion of magic {unknown}
Comestibles
 f - 8 bread rations
 g - 2 meat rations
 l - a chunk of flesh
 n - 2 fruits


   Skills:
 + Level 4.4 Fighting
 + Level 3.9 Long Blades
 + Level 4.9 Armour
 + Level 2.6 Dodging
 + Level 4.4 Shields


You had 5 spell levels left.
You didn't know any spells.

Dungeon Overview and Level Annotations

Branches:
Dungeon (4/15)
 Temple: D:4-7

Altars:
Kikubaaqudgha
Okawaru


Innate Abilities, Weirdness & Mutations

Shadows flee at your approach. (+LOS)
You can swim through water.
You cover ground slowly.
You can hop short distances.


Message History

You feel as though you will be slow longer.
The orc wizard gestures at you while chanting.
The puff of frost hits you! You resist. You block the orc's attack.
You block the orc wizard's attack.
The orc wizard gestures at you while chanting.
The puff of frost misses you. The orc wizard hits you with a dagger.
The orc wizard hits you but does no damage.
You block the orc priest's attack.
The orc wizard casts a spell.
The orc wizard blinks!
The orc wizard casts a spell.
The orc wizard blinks!
You block the orc wizard's attack.
The orc priest calls down the wrath of Beogh upon you.
Beogh smites you!
* * * LOW HITPOINT WARNING * * *
The orc wizard casts a spell.
The orc wizard blinks!
You block the orc wizard's attack. The orc wizard casts a spell at you.
The puff of flame hits you!
You die...

#>..... .[.....
.......###..#.#
............(.###
.......)........#
........ยง.%..#
...........(.##
.......###.oo.#
....... ##o#.#
###### #@# #
#########'#+#+######
#..........<........
#..............#####
#..............+
#..............#
#..............#
#>.............#
#..............#


You could see an orc priest, an orc wizard and an orc.

Vanquished Creatures
  An orc priest (D:4)
  The ghost of pedritolo the Charmwright, a weakling TeSk (D:3)
  6 adders
  6 gnolls
  An ooze (D:3)
  A worm (D:2)
  2 dart slugs
  A leopard gecko (D:3)
  6 giant cockroaches
  6 hobgoblins
  6 jackals
  8 kobolds
  3 quokkas (D:2)
  7 bats
  4 frilled lizards
  4 goblins
  19 rats
82 creatures vanquished.

Notes
Turn   | Place    | Note
-------+----------+-------------------------------------------
     0 | D:1      | sankara the Barachian Fighter began the quest for the Orb.
     0 | D:1      | Reached XP level 1. HP: 18/18 MP: 1/1
    64 | D:1      | Reached XP level 2. HP: 25/25 MP: 2/2
   322 | D:1      | Reached skill level 1 in Dodging
   746 | D:2      | Reached XP level 3. HP: 23/30 MP: 3/3
   952 | D:2      | Found an ancient bone altar of Kikubaaqudgha.
  1126 | D:2      | Reached XP level 4. HP: 15/37 MP: 4/4
  1596 | D:3      | Reached XP level 5. HP: 23/42 MP: 5/5
  1769 | D:3      | Found an iron altar of Okawaru.
  2286 | D:3      | Noticed pedritolo's ghost (weakling TeSk)
  2297 | D:3      | Killed pedritolo's ghost
  2658 | D:4      | Reached XP level 6. HP: 28/49 MP: 6/6
  2666 | D:4      | Killed from afar by an orc wizard

Vault maps used:
D:1:      onia_arrival_larder
D:2:      kiku_gazebo_garden_becter, first_bread
D:3:      okawaru_ov_weapons_minmay, minmay_close_crescents
D:4:      wad_woods_stonehenge, xom_teletrap_fun

Skill      XL: |  1  2  3  4  5 |
---------------+----------------+-----
Dodging        | 1 2 |  2.6
Armour         | 4 |  4.9
Fighting       | 4 |  4.4
Long Blades    | 3 |  3.9
Shields        | 4 |  4.4

Action                   |  1- 3 |  4- 6 || total
-------------------------+-------+-------++-------
Melee: Long sword        |   127 |   181 ||   308
  Eat: Chunk             |     1 |     6 ||     7
Armor: Scale mail        |    50 |    13 ||    63
       Chain mail        |       |   108 ||   108
Dodge: Dodged            |    46 |    64 ||   110
Block: Shield            |    64 |   110 ||   174
       Rpst.: Long sword |    11 |    15 ||    26
